 Dungeon Crawl Stone Soup version 0.26-a0-20-g5f92b90fa0 (webtiles) character file.

Game seed: 16563135036563334234, levelgen mode: deterministic

1696 tilp the Knight (level 9, -4/55 HPs)
             Began as a Kobold Arcane Marksman on May 25, 2020.
             Was a Priest of Okawaru.
             Hit by a boomerang thrown by an orc warrior (11 damage)
             ... on level 6 of the Dungeon.
             The game lasted 00:19:14 (9659 turns).

tilp the Knight (Kobold Arcane Marksman)            Turns: 9659, Time: 00:19:14

Health: -4/55      AC:  6    Str: 11    XL:     9   Next: 23%
Magic:  14/14      EV: 16    Int: 14    God:    Okawaru [***...]
Gold:   278        SH:  0    Dex: 15    Spells: 9/10 levels left

rFire    . . .     SeeInvis +   b - +2 dagger (venom)
rCold    . . .     Gourm    .   (shield restricted)
rNeg     . . .     Faith    +   q - +0 ring mail
rPois    .         Spirit   .   h - +0 hat {SInv}
rElec    .         Reflect  .   f - +0 cloak
rCorr    .         Harm     .   (no gloves)
MR       .....                  (no boots)
Stlth    ++........             e - amulet of faith
HPRegen  0.18/turn              B - ring of wizardry
MPRegen  0.14/turn              A - ring of see invisible

@: no status effects
A: small, carnivore
a: Heroism, Renounce Religion


You were on level 6 of the Dungeon.
You worshipped Okawaru.
Okawaru was most pleased with you.
You were completely stuffed.

You visited 2 branches of the dungeon, and saw 7 of its levels.

You collected 278 gold pieces.

Inventory:

Hand Weapons
 a - a +1 hand crossbow
 b - a +2 dagger of venom (weapon)
 g - a +0 dagger
 l - a +2 dagger of venom
 v - a +0 flail
 z - a +0 scimitar
 H - a +1 antimagic spear
Missiles
 i - 7 boomerangs (quivered)
Armour
 f - a +0 cloak (worn)
 h - a +0 hat of see invisible (worn)
 j - a scarf of harm
 m - the cursed +0 chain mail of Miracles {rC- Int+3 Slay+2 Stlth+, unknown}
   (You found it on level 6 of the Dungeon)

   It affects your intelligence (+3).
   It affects your accuracy and damage with ranged weapons and melee attacks
   (+2).
   It makes you vulnerable to cold.
   It makes you more stealthy.
   It has a curse placed upon it.
 q - a +0 ring mail (worn)
Jewellery
 d - an uncursed amulet of guardian spirit
 e - an amulet of faith (around neck)
 s - an uncursed amulet of reflection
 A - a ring of see invisible (right hand)
 B - a ring of wizardry (left hand)
 D - an uncursed amulet of regeneration {unknown}
Wands
 x - a wand of digging (7)
 y - a wand of polymorph (11)
Scrolls
 k - 2 scrolls of remove curse
 n - 2 scrolls of fog
 o - a scroll of amnesia
 C - a scroll of immolation {unknown}
 E - a scroll of fear {unknown}
 F - a scroll of brand weapon {unknown}
 K - a scroll of teleportation
 L - a scroll of enchant weapon
Potions
 r - a potion of lignification {unknown}
 t - a potion of curing
 u - 2 potions of mutation
 w - a potion of stabbing {unknown}
 G - a potion of ambrosia {unknown}
 J - a potion of might {unknown}
Comestibles
 c - 17 rations
 M - 5 chunks of flesh


   Skills:
 - Level 6.0 Fighting
 - Level 6.0 Crossbows
 - Level 6.0 Dodging
 - Level 4.0 Stealth
 - Level 1.1 Spellcasting
 - Level 3.0 Hexes
 + Level 7.1 Invocations


You had 9 spell levels left.
You knew the following spells:

 Your Spells              Type           Power        Failure   Level  Hunger
a - Corona                Hex            #......      8%          1    ##.....

Your spell library contained the following spells:

 Spells                   Type           Power        Failure   Level  Hunger
 Slow                     Hex            #.......     12%         2    ###....
 Foxfire                  Conj/Fire      #...         26%         1    ##.....
 Inner Flame              Hex/Fire       #.......     38%         3    ####...
 Portal Projectile        Hex/Tloc       #.....       38%         3    ####...
 Conjure Flame            Conj/Fire      #.......     56%         3    ####...
 Cause Fear               Hex            #.........   56%         4    #####..
 Leda's Liquefaction      Hex/Erth       #.........   77%         4    #####..
 Sticky Flame             Conj/Fire      #.......     91%         4    #####..
 Fireball                 Conj/Fire      #.........   99%         5    ######.


Dungeon Overview and Level Annotations

Branches:
Dungeon (6/15)             Temple (1/1) D:4

Altars:
Ashenzari
Cheibriados
Dithmenos
Elyvilon
Gozag
Hepliaklqana
Kikubaaqudgha
Makhleb
Nemelex Xobeh
Okawaru
Qazlal
Ru
Sif Muna
Trog
Uskayaw
Vehumet
Wu Jian
Xom
Yredelemnul
Zin
The Shining One

Annotations:
D:5 Duvessa, Edmund, Grinder


Innate Abilities, Weirdness & Mutations

You are small and have problems with some larger weapons.
You are carnivorous and can eat meat at any time.


Message History

* * * LOW HITPOINT WARNING * * *
You see here a +0 hand axe.
The orc warrior throws a boomerang.
The boomerang barely misses you.
The weapon returns to the orc warrior!
The orc warrior throws a boomerang.
The boomerang hits you!
* * * LOW HITPOINT WARNING * * *
The weapon returns to the orc warrior!
The orc warrior throws a boomerang.
The boomerang hits you but does no damage.
The weapon returns to the orc warrior!
You feel better.
The orc warrior throws a boomerang.
The boomerang hits you but does no damage.
The weapon returns to the orc warrior!
The orc warrior throws a boomerang.
The boomerang closely misses you.
The weapon returns to the orc warrior!
The orc warrior throws a boomerang.
The boomerang hits you!
* * * LOW HITPOINT WARNING * * *
The weapon returns to the orc warrior!
The orc warrior throws a boomerang.
The boomerang hits you!
You die...

#......## ### #
#o#..)########
#.##.#........ ..#
#.# #.##.#.#######
#.# #.# #.#..#.####
###.# #.# #.#.##.##..
..#.# #.# #.#.##.##.#
#.#.# #.#
###.#.##.##.# #.#[#
#.# #...#@##.##.#
#.#.# #.#
#.###.##.##.# #.#.##
##.## #.#
#.##.##.#####.....
##.#.###.#
#.##.##.......#.##
#.###....#
#)##.#####.####.#
##.#.###.#
#o##.#####.####.#
##.##
#.###.##....>......(#
###
#...)...............#
#.##########.#.####.#


You could see an orc warrior (very poisoned).

Vanquished Creatures
  Prince Ribbit (D:5)
  An ice beast (D:6)
  3 ogres
  A wyvern skeleton (D:6)
  Dowan (D:5)
  A water moccasin skeleton (D:5)
  2 scorpions
  A howler monkey (D:5)
  3 crimson imps
  2 centaur skeletons
  A hound (D:6)
  A jelly (D:6)
  A gnoll shaman (D:5)
  3 orc priests
  2 bullfrog skeletons
  5 orc wizards
  5 worker ants
  A hound skeleton (D:6)
  8 adders
  4 gnolls (D:5)
  2 shadow imps (D:5)
  A worm (D:2)
  2 leopard geckos
  22 orcs
  7 giant cockroaches
  3 goblins
  6 hobgoblins
  6 jackals
  2 quokkas (D:6)
  3 ball pythons
  2 bats (D:3)
  6 frilled lizards
  9 kobolds
  8 rats
126 creatures vanquished.

Notes
Turn   | Place    | Note
-------+----------+-------------------------------------------
     0 | D:1      | tilp the Kobold Arcane Marksman began the quest for the
                  | Orb.
     0 | D:1      | Reached XP level 1. HP: 12/12 MP: 2/2
   219 | D:1      | Found an iron altar of Okawaru.
   390 | D:1      | Became a worshipper of Warmaster Okawaru
   435 | D:1      | Reached XP level 2. HP: 9/17 MP: 3/3
  1304 | D:2      | Reached XP level 3. HP: 18/23 MP: 4/4
  1510 | D:2      | Found an opulent altar of Gozag.
  2319 | D:3      | Reached XP level 4. HP: 23/29 MP: 5/5
  2736 | D:3      | Reached XP level 5. HP: 33/33 MP: 6/6
  3060 | D:4      | Reached skill level 5 in Crossbows
  3060 | D:4      | Reached XP level 6. HP: 22/38 MP: 7/7
  3599 | D:3      | Found a stormy altar of Qazlal.
  4361 | D:4      | Noticed an ogre
  4737 | D:4      | Reached skill level 1 in Stealth
  4837 | D:4      | Reached * piety under Okawaru
  4876 | D:4      | Found a staircase to the Ecumenical Temple.
  4968 | D:4      | Reached skill level 1 in Invocations
  5035 | Temple   | Entered the Ecumenical Temple
  5310 | D:4      | Killed an ogre
  5310 | D:4      | Reached XP level 7. HP: 44/44 MP: 8/8
  5428 | D:4      | Found a snail-covered altar of Cheibriados.
  5455 | D:4      | Reached skill level 2 in Invocations
  5876 | D:5      | Entered Level 5 of the Dungeon
  5963 | D:5      | Noticed Edmund
  6069 | D:5      | Noticed Prince Ribbit
  6141 | D:5      | Killed Prince Ribbit
  6141 | D:5      | Reached ** piety under Okawaru
  6141 | D:5      | Reached skill level 5 in Fighting
  6141 | D:5      | Reached skill level 3 in Invocations
  6141 | D:5      | Reached XP level 8. HP: 40/49 MP: 7/10
  6210 | D:5      | Found a white marble altar of Elyvilon.
  6501 | D:5      | Found a bloodstained altar of Trog.
  6504 | D:5      | Reached skill level 5 in Dodging
  6976 | D:5      | Noticed Dowan
  6976 | D:5      | Noticed Duvessa
  7261 | D:5      | Reached skill level 4 in Invocations
  7489 | D:5      | Killed Dowan
  7523 | D:5      | Noticed Grinder
  8045 | D:6      | Got a distressingly furry chain mail
  8580 | D:6      | Reached *** piety under Okawaru
  8580 | D:6      | Reached skill level 5 in Invocations
  8580 | D:6      | Reached XP level 9. HP: 32/55 MP: 11/13
  8900 | D:6      | Found a shadowy altar of Dithmenos.
  8900 | D:6      | Found a hide-covered altar of Uskayaw.
  9035 | D:6      | Reached skill level 6 in Invocations
  9368 | D:6      | Found a hazy altar of Hepliaklqana.
  9385 | D:6      | Found a glowing golden altar of the Shining One.
  9385 | D:6      | Found a sparkling altar of Nemelex Xobeh.
  9388 | D:6      | Found a shattered altar of Ashenzari.
  9469 | D:6      | Reached skill level 7 in Invocations
  9659 | D:6      | Hit by a boomerang thrown by an orc warrior

Illustrated notes

Levels and vault maps discovered:
D:1:      dpeg_arrival_pits, layout_basic, okawaru_ov_weapons_minmay
D:2:      minmay_inner_zag, layout_basic,
          nicolae_gozag_cash_rules_everything_around_me, first_ration
D:3:      wad_pebble_path, layout_loops_ring, nicolae_qazlal_general_emergency,
          minmay_vboxes
D:4:      layout_loops_corners, old_standard_altar, temple_statues,
          serial_rivers, chequers_serial_rivers_marsh,
          chequers_serial_rivers_marsh, chequers_serial_rivers_micro_c,
          chequers_serial_rivers_micro_a, chequers_serial_rivers_micro_b,
          chequers_serial_rivers_marsh, serial_bayou_pond_d, st_stairs_1
D:5:      layout_loops_ring, elyvilon_altar_3, old_standard_altar,
          uniq_prince_ribbit1, uniq_edmund, uniq_duvessa, uniq_grinder
D:6:      layout_loops_ring, gammafunk_temple_overflow_elements,
          kennysheep_mini_moat, grunt_temple_overflow_diamond
Temple:   cyrus_temple_forest

Skill      XL: |  1  2  3  4  5  6  7  8  9 |
---------------+----------------------------+-----
Fighting       | 2 3 4 5 6 |  6.0
Crossbows      | 4 5 6 |  6.0
Stealth        | 2 4 |  4.0
Invocations    | 1 3 5 7 |  7.1
Dodging        | 3 4 6 |  6.0
Spellcasting   | |  1.1
Hexes          | |  3.0

Action                   |  1- 3 |  4- 6 |  7- 9 || total
-------------------------+-------+-------+-------++-------
Melee: Mace              |    91 |   104 |    42 ||   237
       Flail             |       |       |   120 ||   120
       Dagger            |       |       |    42 ||    42
 Fire: Hand crossbow     |    43 |    91 |    76 ||   210
Throw: Dart              |       |     6 |    34 ||    40
       Boomerang         |       |       |     6 ||     6
 Cast: Corona            |     3 |       |       ||     3
Invok: Heroism           |       |       |     3 ||     3
  Use: Scroll            |     4 |     2 |     3 ||     9
       Potion            |       |       |     4 ||     4
 Stab: Distracted        |       |       |     1 ||     1
       Sleeping          |       |       |     2 ||     2
  Eat: Chunk             |     7 |    13 |    16 ||    36
Armor: Robe              |     8 |       |       ||     8
       Ring mail         |    28 |    59 |    53 ||   140
Dodge: Dodged            |   100 |   134 |   183 ||   417

Table legend:
 A = Non-vault XP
 B = Vault XP
 C = Vault XP percentage of total XP
 D = Non-vault monster count
 E = Vault monster count
 F = Vault count percentage of total count
                 A         B        C        D         E       F
            +---------+---------+-------+---------+---------+-------
      Total |    2073 |     351 |  14.5 |     115 |      10 |   8.0
            +---------+---------+-------+---------+---------+-------
        D:1 |      19 |       0 |   0.0 |      13 |       0 |   0.0
        D:2 |      28 |       4 |  12.5 |      14 |       3 |  17.6
        D:3 |     234 |       7 |   2.9 |      36 |       4 |  10.0
        D:4 |     447 |      14 |   3.0 |      14 |       1 |   6.7
        D:5 |     648 |     326 |  33.5 |      18 |       2 |  10.0
        D:6 |     697 |       0 |   0.0 |      20 |       0 |   0.0
            +---------+---------+-------+---------+---------+-------
